 Dungeon Crawl Stone Soup version 0.26-a0-541-g3b3d21e777 (webtiles) character file.

Game seed: 10952161333672552267

11 BeastOfSaturn the Skirmisher (level 2, -2/24 HPs)
             Began as a Demonspawn Fighter on Aug 16, 2020.
             Killed from afar by a dart slug (5 damage)
             ... with a slug dart
             ... on level 1 of the Dungeon.
             The game lasted 00:00:51 (230 turns).

BeastOfSaturn the Skirmisher (Demonspawn Fighter)    Turns: 230, Time: 00:00:52

Health: -2/24      AC:  0    Str: 16    XL:     2   Next: 13%
Magic:  2/2        EV: 11    Int:  9    God:
Gold:   0          SH:  0    Dex: 12    Spells: 1/1 levels left

rFire    . . .     SeeInvis .   a - +0 long sword
rCold    . . .     Faith    .   (no shield)
rNeg     . . .     Spirit   .   (no armour)
rPois    .         Reflect  .   (no helmet)
rElec    .         Harm     .   (no cloak)
rCorr    .                      (no gloves)
MR       .....                  (no boots)
Stlth    +.........             (no amulet)
HPRegen  0.08/turn              (no ring)
MPRegen  0.08/turn              (no ring)

@: no status effects
A: claws 1
a: no special abilities


You were on level 1 of the Dungeon.
You visited 1 branch of the dungeon, and saw 1 of its levels.

Inventory:

Hand Weapons
 a - a +0 long sword (weapon)
Armour
 b - a +0 scale mail
 c - a +0 kite shield
Potions
 d - a potion of might


   Skills:
 * Level 3.2 Fighting
 * Level 2.0 Long Blades
 * Level 2.9 Armour
 * Level 0.2 Dodging
 - Level 2.6 Shields


You had one spell level left.
You didn't know any spells.
Your spell library was empty.

Dungeon Overview and Level Annotations

Branches:
Dungeon (1/15)

Altars:


Innate Abilities, Weirdness & Mutations

You have sharp fingernails.


Message History

The dart slug bites you. The bat hits you. The bat hits you.
* * * LOW HITPOINT WARNING * * *
The bat barely misses you. The dart slug bites you.
* * * LOW HITPOINT WARNING * * *
The bat misses you. The bat closely misses you. The dart slug bites you.
* * * LOW HITPOINT WARNING * * *
The bat closely misses you. The bat completely misses you.
You riposte.
You barely miss the bat. The dart slug closely misses you.
The bat barely misses you. The bat misses you.
You riposte.
You hit the bat.
You kill the bat!
Your Long Blades skill increases to level 2!
The dart slug closely misses you.
You riposte.
You slash the dart slug!
The dart slug is almost dead.
The dart slug closely misses you. The dart slug launches a dart at you.
The slug dart hits you.
You die...

###.# #...#
#?#.########
#..........#
###.#######..#
#...#######..#
#...........##
.###.####.?########.#
......w@†..#......#.#
####.###...#.####.#.#
....>.....#.#<.#.#.#
###.####..#.#....#.#
####..#.######.# #
..####........##
#.#####.# #..######..#
#.....#.###..######..#
.....................#


You could see a dart slug.

Vanquished Creatures
  An ooze (D:1)
  A dart slug (D:1)
  A giant cockroach (D:1)
  A kobold (D:1)
  A bat (D:1)
5 creatures vanquished.

Notes
Turn   | Place    | Note
-------+----------+-------------------------------------------
     0 | D:1      | BeastOfSaturn the Demonspawn Fighter began the quest for
                  | the Orb.
     0 | D:1      | Reached XP level 1. HP: 18/18 MP: 1/1
   152 | D:1      | Gained mutation: You have sharp fingernails. [demonic
                  | ancestry]
   152 | D:1      | Reached XP level 2. HP: 20/24 MP: 2/2
   230 | D:1      | Killed from afar by a dart slug

Illustrated notes

Levels and vault maps discovered:
D:1:      zelgadis_glass_arrival_small, layout_rooms

Skill      XL: |  1  2 |
---------------+-------+-----
Long Blades    | 2 |  2.0
Fighting       | |  3.2
Armour         | |  2.9
Dodging        | |  0.2
Shields        | |  2.6

Action                   || total
-------------------------++-------
Melee: Long sword        ||    14
Armor: Scale mail        ||     5
Dodge: Dodged            ||    29
Block: Kite shield       ||    10
       Rpst.: Long sword ||     9

Table legend: (Time is in decaauts)
 A = Elapsed time spent in this place.
 B = Non-inter-level travel time spent in this place.
 C = Inter-level travel time spent in this place.
 D = Time resting spent in this place.
 E = Time spent auto-exploring this place.
 F = Levels seen in this place.
 G = Mean time per level.
                   A        B        C        D        E       F      G
               +--------+--------+--------+--------+--------+-----+--------+
         Total |    234 |    234 |      0 |      0 |    169 |   1 |  234.0 |
       Dungeon |    234 |    234 |      0 |      0 |    169 |   1 |  234.0 |
               +--------+--------+--------+--------+--------+-----+--------+

Top non-repeatable levels by time:
     D:1: 234 daAuts
